Match 45105533
Unlisted

Match 45105533
End
Construct Infanterie Kompanie
Kettenkrad Recon Vehicle
Grenadier Squad
Grenadier Squad
Grenadier Squad
Grenadier Squad
Construct Luftwaffe Kompanie
221 Scout Car
Jäger Squad
Support Elements
Medical Station
MG 42 Machine Gun Team
Wirbelwind Flakpanzer
MG 42 Machine Gun Team
Jäger Squad
Little Boy of the Round Table
HEINZBEANZ - 57 VARIETIES
0
0

Comments sign in to comment!

No comments posted yet!